cohdb
Replays
Latest Replays
All Replays
Popular Replays
Top Player Replays
Match Explorer
How It Works
Community
CoH3 Stats
Reddit
Sign in to upload your games and track your stats! →
Sign in with Steam
Match 26218600
Unlisted
Match 26218600
Overview
Messages
Build Orders
End
Construct Section Command Post
Infantry Section
Dingo Light Scout Car
Infantry Section
ML 3-inch Mortar Team
Construct Platoon Command Post
Unlock M3 Stuart Light Tanks
M3 Stuart Light Tank
Selects Indian Artillery Battlegroup
Selects War Cry
Selects Gurkha Rifles Section
M3 Stuart Light Tank
M3 Stuart Light Tank
Gurkha Rifles Section
Selects Towed ML 4.2-inch Heavy Mortar
Towed ML 4.2-inch Heavy Mortar
Royal Engineer Section
Gurkha Rifles Section
Selects Off-map Airburst Barrage
Construct Company Command Post
Selects Volunteer Infantry
Foot Guards Section
SneaKerz
gb_gbg
AVEAR_PL[IMPERIALIS_GAMING
Suwak
0
0
Comments
sign in to comment!
No comments posted yet!